 Dungeon Crawl Stone Soup version 0.32-a0-779-g362cfcae2a (webtiles) character file.

Game seed: 3071038582875325523

78 ezpacito the Trooper (level 4, 0/30 (35) HPs)
             Began as a Coglin Chaos Knight on Mar 20, 2024.
             Was a Plaything of Xom.
             Slain by a red devil
             ... wielding a +1 demon trident of draining
             ... summoned by Xom
              (3 damage)
             ... on level 3 of the Dungeon.
             The game lasted 00:02:35 (1469 turns).

ezpacito the Trooper (Coglin Chaos Knight)          Turns: 1469, Time: 00:02:35

HP:   0/30 (35)     AC:  7    Str: 11 (14) XL:     4   Next: 36%
MP:   4/4           EV:  8    Int:  8 (11) God:    Xom [......]
Gold: 120           SH:  0    Dex: 12 (14) Spells: 4/4 levels left

rFire   . . .        a - +0 hand axe (chaos) {Nenetl}
rCold   . . .        x - +0 spear {Malki}
rNeg    . . .        w - +0 scale mail
rPois   .            (no helmet)
rElec   .            (no cloak)
rCorr   .            j - +0 pair of gloves
SInv    .            (no boots)
Will    +....        (amulet unavailable) Stlth
                     (ring unavailable)
HPRegen 0.25/turn    (ring unavailable)
MPRegen 0.09/turn    (no gizmo)

%: no passive effects
@: silenced, spiked, attractive, heavily drained
A: off-hand wielding, slow wielding, warmup strikes, no jewellery, strong-willed
1
a: Invent Gizmo, Renounce Religion


You were on level 3 of the Dungeon.
You worshipped Xom.
You were a very special plaything of Xom.
You visited 1 branch of the dungeon, and saw 3 of its levels.

You collected 120 gold pieces.

Inventory:

Hand Weapons
 a - a +0 hand axe of chaos (weapon) {Nenetl}
 x - a +0 spear (offhand) {Malki}
Missiles
 n - 5 boomerangs (quivered)
 o - 5 poisoned darts
 s - 2 javelins
Armour
 j - a +0 pair of gloves (worn)
 w - a +0 scale mail (worn)
Talismans
 e - a beast talisman
Scrolls
 i - a scroll of identify
 k - a scroll of enchant armour
 v - 2 scrolls of torment
Potions
 f - a potion of enlightenment {unknown}
 g - a potion of brilliance {unknown}
 m - a potion of heal wounds {unknown}
 p - a potion of magic


   Skills:
 * Level 3.4 Fighting
 * Level 3.4(3.5) Axes
 + Level 1.0(2.1) Polearms
 * Level 2.3 Armour
 * Level 1.7 Dodging
 + Level 0.3 Stealth
 + Level 0.6 Spellcasting


You had 4 spell levels left.
You didn't know any spells.
Your spell library contained the following spells:

 Spells                   Type           Power      Damage    Failure   Level
 Stone Arrow              Conj/Erth      0%         3d7       100%        3
 Animate Armour           Summ/Erth      0%         N/A       100%        4
 Lehudib's Crystal Spear  Conj/Erth      0%         10d2      100%        8


Dungeon Overview and Level Annotations

Branches:
Dungeon (3/15)

Altars:
The Shining One


Innate Abilities, Weirdness & Mutations

You can wield a second weapon in your off-hand.
It takes a long time for you to wield or remove held weapons.
Your first few attacks do less damage.
You cannot equip rings or amulets.
You are strong-willed. (Will+)


Message History

The crimson imp blinks!
You feel better.
The red devil hits your butterfly with a +1 demon trident of draining.
Your butterfly dies!
Your butterfly disappears in a puff of smoke!
Something closely misses your butterfly.
You regained 6 hp, and now have 24/32 hp.
Magic scrolls do not work when you're silenced!
Something misses your butterfly. Something barely misses your butterfly.
Something completely misses your butterfly.
The iron imp closely misses you. Something hits your butterfly.
Your butterfly dies!
Your butterfly disappears in a burst of colours!
The red devil barely misses your butterfly.
The iron imp hits you but does no damage.
The crimson imp misses your butterfly.
The red devil completely misses your butterfly.
The crimson imp blinks!
The iron imp hits you.
You take 6 damage, and have 19/32 hp.
You carefully extract the barbed spikes from your body.
Something closely misses your butterfly.
Magic scrolls do not work when you're silenced!
It was a potion of attraction.
You feel attractive to monsters.
The iron imp hits you but does no damage.
Something barely misses your butterfly.
It was a potion of degeneration.
There was something very wrong with that liquid.
You feel weakened.
You feel dopey.
You feel clumsy.
Xom thinks this is hilarious!
The iron imp hits you.
You take 3 damage, and have 17/32 hp.
It was a potion of mutation.
You feel extremely strange.
You feel strong-willed.
The red devil hits you from afar with a +1 demon trident of draining!
* * * LOW HITPOINT WARNING * * *
Barbed spikes become lodged in your body.
You feel drained.
You die... "Huh?
Did I miss anything?"

............#
#########.
............#
#.........
............#
#.#######.
#######'##..# #.#
#. ##...##.# #.# #.
##.b§§§### #.# #.
#:.§bb§b######.# #.
#..§bb5b#......# #.
#..§4b@§##.##### #.
##.§bbb###.########
##.b.## #.........
##### #.########
#.#####.#
####.......#
#........#.#
#.########.# #.#
#.#


You could see a red devil (summoned, ally target) and an iron imp (summoned,
ally target).

Vanquished Creatures
  3 adders
  2 dart slugs
  An orc (D:2)
  2 ball pythons (D:1)
  6 endoplasms
  5 goblins
  8 hobgoblins
  5 bats
  4 frilled lizards
  4 kobolds
  5 rats
45 creatures vanquished.

Notes
Turn   | Place    | Note
-------+----------+-------------------------------------------
     0 | D:1      | ezpacito the Coglin Chaos Knight began the quest for the
                  | Orb.
     0 | D:1      | Reached XP level 1. HP: 18/18 MP: 1/1
     8 | D:1      | XOM: silly message
    19 | D:1      | Reached skill level 1 in Dodging
    22 | D:1      | Reached XP level 2. HP: 24/24 MP: 2/2
   176 | D:1      | XOM: divination: magic mapping
   228 | D:1      | Reached XP level 3. HP: 25/29 MP: 3/3
   852 | D:2      | Found a faded altar of an unknown god.
   894 | D:2      | XOM: smoke on damage
   906 | D:2      | Reached XP level 4. HP: 27/35 MP: 4/4
   999 | D:2      | XOM: cloud trail
  1054 | D:2      | Found a glowing golden altar of the Shining One.
  1075 | D:2      | XOM: divination: detect creatures
  1129 | D:2      | XOM: cloud trail
  1375 | D:3      | XOM: god gift: scale mail {god gift}
  1436 | D:3      | Reached skill level 1 in Polearms
  1449 | D:3      | XOM is BORED!
  1449 | D:3      | XOM: summons 3 hostile demons
  1450 | D:3      | Noticed a red devil
  1451 | D:3      | XOM: butterfly on damage
  1469 | D:3      | Gained mutation: You are strong-willed. (Will+) [potion of
                  | mutation]
  1469 | D:3      | Slain by a red devil

Illustrated notes

Levels and vault maps discovered:
D:1:      minmay_arrival_arboretum_large, layout_rooms
D:2:      kennysheep_big_flooded_room, layout_basic,
          chequers_ecumenical_altar_simple, basic_altar
D:3:      kennysheep_six_static_rooms, layout_loops_ring,
          minmay_misc_feat_four_crosses, dreamdust_wishing_well

Skill      XL: |  1  2  3  4 |
---------------+-------------+-----
Dodging        | 1 |  1.7
Armour         | 2 |  2.3
Polearms       | 1 |  1.0
Fighting       | |  3.4
Axes           | |  3.4
Stealth        | |  0.3
Spellcasting   | |  0.6

Action                     |  1- 3 |  4- 6 || total
---------------------------+-------+-------++-------
  Melee: Hand axe          |    75 |    16 ||    91
         Dagger            |    65 |    17 ||    82
    Use: Potion            |       |     8 ||     8
         Scroll            |       |     5 ||     5
 Armour: Leather armour    |    36 |     3 ||    39
         Scale mail        |       |    13 ||    13
  Dodge: Dodged            |    45 |    11 ||    56

Table legend: (Time is in decaauts)
 A = Elapsed time spent in this place.
 B = Non-inter-level travel time spent in this place.
 C = Inter-level travel time spent in this place.
 D = Time resting spent in this place.
 E = Time spent auto-exploring this place.
 F = Levels seen in this place.
 G = Mean time per level.
                   A        B        C        D        E       F      G
               +--------+--------+--------+--------+--------+-----+--------+
         Total |   1475 |   1357 |    118 |     17 |   1047 |   3 |  491.7 |
       Dungeon |   1475 |   1357 |    118 |     17 |   1047 |   3 |  491.7 |
               +--------+--------+--------+--------+--------+-----+--------+

Top non-repeatable levels by time:
     D:2: 737 daAuts
     D:1: 447 daAuts
     D:3: 290 daAuts
